 Dungeon Crawl Stone Soup version 0.31-a0-149-g3fdcc5976a (webtiles) character file.

Game seed: 12507819516977374477

541 jlumianski the Ducker (level 7, -4/49 HPs)
             Began as a Djinni Fire Elementalist on June 7, 2023.
             Slain by a bullfrog (8 damage)
             ... on level 6 of the Dungeon.
             The game lasted 00:14:45 (2926 turns).

jlumianski the Ducker (Djinni Fire Elementalist)    Turns: 2926, Time: 00:14:47

Health: -4/49      AC:  3    Str:  7    XL:     7   Next: 51%
Gold:   153        EV: 13    Int: 18    God:
                   SH:  0    Dex: 14

rFire   + + .        r - +1 quarterstaff (spect)
rCold   x . .        (shield currently unavailable)
rNeg    . . .        a - +0 robe
rPois   ∞            (no helmet)
rElec   .            (no cloak)
rCorr   .            m - +0 pair of gloves
SInv    .            (boots unavailable)
Will    .....        (no amulet)
Stlth   ++           (no ring)
HPRegen 0.28/turn    (no ring)
MPRegen 0.00/turn

%: infuse magic (-5 HP)
@: flying
A: sickness immunity, fire resistance 2, cold vulnerability 1, float, innate
caster, HP casting, extra vitality 1
a: no special abilities


You were on level 6 of the Dungeon.
You visited 2 branches of the dungeon, and saw 9 of its levels.

You collected 153 gold pieces.

Inventory:

Hand Weapons
 c - a +0 short sword
 o - a +2 whip of holy wrath
 r - a +1 spectral quarterstaff (weapon)
Armour
 a - a +0 robe (worn)
 d - a +0 leather armour of poison resistance
 m - a +0 pair of gloves (worn)
Jewellery
 h - a ring of ice
Scrolls
 b - 2 scrolls of fear {unknown}
 e - 2 scrolls of teleportation {unknown}
 f - 2 scrolls of enchant weapon {unknown}
 i - a scroll of fog {unknown}
 j - a scroll of noise {unknown}
 p - 3 scrolls of identify {unknown}
 s - 2 scrolls of blinking {unknown}
Potions
 g - 2 potions of resistance {unknown}
 k - a potion of heal wounds {unknown}
 l - a potion of enlightenment {unknown}
 n - a potion of cancellation {unknown}
 q - 2 potions of mutation {unknown}


   Skills:
 + Level 2.0 Fighting
 - Level 1.9 Short Blades
 + Level 0.8 Staves
 + Level 4.2 Dodging
 + Level 3.4 Stealth
 + Level 0.3 Unarmed Combat
 * Level 4.2 Spellcasting
 * Level 4.2 Conjurations
 * Level 4.2 Hexes
 * Level 4.2 Summonings
 * Level 4.2 Necromancy
 * Level 4.2 Translocations
 * Level 4.2 Transmutations
 * Level 4.2 Fire Magic
 * Level 4.2 Ice Magic
 * Level 4.2 Air Magic
 * Level 4.2 Earth Magic
 * Level 4.2 Poison Magic


You knew the following spells:

 Your Spells              Type           Power      Damage    Failure   Level
a - Foxfire               Conj/Fire      76%        2x1d7     2%          1
b - Scorch                Fire           38%        2d6       3%          2
c - Volatile Blastmotes   Fire/Tloc      38%        2d13      8%          3
d - Inner Flame           Hex/Fire       19%        N/A       8%          3
e - Flame Wave            Conj/Fire      19%        2d7       24%         4
f - Shock                 Conj/Air       76%        1d7       2%          1
g - Static Discharge      Conj/Air       38%        2-4/arc   3%          2
h - Spider Form           Tmut/Pois      19%        N/A       8%          3
Your spell library was empty.

Dungeon Overview and Level Annotations

Branches:
Dungeon (8/15)             Temple (1/1) D:6
   Lair: D:8-11

Altars:
Ashenzari
Cheibriados
Dithmenos
Elyvilon
Fedhas
Gozag
Hepliaklqana
Nemelex Xobeh
Okawaru
Qazlal
Ru
Trog
Uskayaw
Wu Jian
Xom
Zin
The Shining One

Shops:
D:3 (   D:6 (

Annotations:
D:3 1 runed translucent door, Crazy Yiuf


Innate Abilities, Weirdness & Mutations

You are immune to sickness and miasma.
You are immune to poison.
Your flesh is very heat resistant. (rF++)
You are vulnerable to cold. (rC-)
You float through the air rather than walking.
You learn spells naturally, not from books.
Your magical power is your life essence.
You have superior vitality. (+4 MHP)


Message History

Your +1 spectral quarterstaff disappears.
There is a stone staircase leading down here.
You fly downwards.
The bullfrog gives a loud, deep croak!
There is a stone staircase leading up here.
The bullfrog hits you.
You closely miss the bullfrog. The bullfrog hits you!
The bullfrog hits you but does no damage.
You hit the bullfrog.
The bullfrog is lightly wounded.
The bullfrog hits you. The bullfrog closely misses you.
You completely miss the bullfrog.
The bullfrog is lightly wounded.
The bullfrog hits you. The bullfrog hits you!
You hit the bullfrog.
The bullfrog is moderately wounded.
The bullfrog hits you but does no damage.
The bullfrog barely misses you.
You closely miss the bullfrog.
The bullfrog is moderately wounded.
The bullfrog barely misses you. x2
You hit the bullfrog but do no damage.
The bullfrog is lightly wounded.
The bullfrog hits you.
* * * LOW HITPOINT WARNING * * *
The bullfrog hits you but does no damage.
You barely miss the bullfrog.
The bullfrog is lightly wounded.
The bullfrog hits you.
* * * LOW HITPOINT WARNING * * *
The bullfrog hits you.
* * * LOW HITPOINT WARNING * * *
Casting: Foxfire (safe; 2% risk of failure)
Confirm with . or Enter, or press ? or * to list all spells.
Flames lash the bullfrog.
The bullfrog is heavily wounded.
The bullfrog's fire resistance burns away.
* * * LOW HITPOINT WARNING * * *
The bullfrog hits you!
You die... ######### #<.@F...# #######.#

You could see a bullfrog (combustible).

Vanquished Creatures
  2 water moccasins
  Pargi (D:3)
  A scorpion (D:6)
  A hound (D:6)
  Jessica (D:3)
  2 gnolls (D:1)
  4 adders
  3 worms (D:2)
  2 dart slugs
  5 bats
  3 endoplasms
  2 giant cockroaches (D:1)
  3 hobgoblins
  14 jackals (D:2)
  2 quokkas
  2 ball pythons
  5 frilled lizards
  15 kobolds
  4 rats
72 creatures vanquished.

Vanquished Creatures (others)
  167 foxfires
167 creatures vanquished.

Grand Total: 239 creatures vanquished

Notes
Turn   | Place    | Note
-------+----------+-------------------------------------------
     0 | D:1      | jlumianski the Djinni Fire Elementalist began the quest for
                  | the Orb.
     0 | D:1      | jlumianski set off with the following spells memorised:
                  | Foxfire, Scorch, Volatile Blastmotes, Inner Flame, Flame
                  | Wave.
     0 | D:1      | Reached XP level 1. HP: 15/15 MP: 0/0
   159 | D:2      | Reached XP level 2. HP: 19/21 MP: 0/0
   413 | D:1      | Reached XP level 3. HP: 11/25 MP: 0/0
   413 | D:1      | Learned a level 1 spell: Shock
   949 | D:2      | Reached XP level 4. HP: 31/31 MP: 0/0
  1035 | D:4      | Noticed an ogre
  1081 | D:3      | Noticed Jessica
  1467 | D:2      | Reached XP level 5. HP: 24/36 MP: 0/0
  1467 | D:2      | Learned a level 2 spell: Static Discharge
  1656 | D:2      | Found a faded altar of an unknown god.
  1869 | D:3      | Noticed Pargi
  1879 | D:3      | Killed Pargi
  1880 | D:3      | Reached skill level 1 in Fighting
  1880 | D:3      | Reached skill level 1 in Short Blades
  1880 | D:3      | Reached XP level 6. HP: 33/42 MP: 0/0
  1996 | D:3      | Killed Jessica
  2131 | D:3      | Found Tomogof's Antique Weapon Emporium.
  2256 | D:3      | Found a runed translucent door.
  2257 | D:3      | Noticed Crazy Yiuf
  2303 | D:4      | You are sucked into a shaft and drop 3 floors!
  2348 | D:6      | Found a staircase to the Ecumenical Temple.
  2351 | D:6      | Noticed a water moccasin
  2354 | Temple   | Entered the Ecumenical Temple
  2484 | D:6      | Killed a water moccasin
  2487 | D:6      | Reached XP level 7. HP: 22/47 MP: 0/0
  2487 | D:6      | Learned a level 3 spell: Spider Form
  2489 | D:6      | Found Wigulone's Weapon Shop.
  2714 | D:5      | Entered Level 5 of the Dungeon
  2773 | D:5      | Found a sparkling altar of Nemelex Xobeh.
  2897 | D:5      | Noticed a water moccasin
  2907 | D:5      | Killed a water moccasin
  2926 | D:6      | Slain by a bullfrog

Illustrated notes

Levels and vault maps discovered:
D:1:      dpeg_arrival_pits, layout_basic
D:2:      layout_loops_ring, ebering_ecumenical_altar_hall,
          minmay_small_reverse_x
D:3:      layout_rooms, serial_shops, shop, minivault_23, uniq_pargi,
          uniq_jessica, uniq_crazy_yiuf_cottage
D:4:      layout_basic, hangedman_decor_points
D:5:      layout_loops_ring, nemelex_spade_bored_becter
D:6:      layout_basic, minmay_temple_entry_statues_pillars, serial_shops, shop,
          minmay_quadrilaterals
D:7:      layout_rooms
D:8:      layout_basic, gammafunk_ghost_nasty_kobolds, fungi_pond_lemuel,
          uniq_grum, uniq_amaemon
Temple:   hc_temple_tempest_star

Skill      XL: |  1  2  3  4  5  6  7 |
---------------+----------------------+-----
Spellcasting   | 4 |  4.2
Conjurations   | 4 |  4.2
Hexes          | 4 |  4.2
Summonings     | 4 |  4.2
Necromancy     | 4 |  4.2
Translocations | 4 |  4.2
Transmutations | 4 |  4.2
Fire Magic     | 4 |  4.2
Ice Magic      | 4 |  4.2
Air Magic      | 4 |  4.2
Earth Magic    | 4 |  4.2
Poison Magic   | 4 |  4.2
Stealth        | 2 3 |  3.4
Dodging        | 3 4 |  4.2
Fighting       | 1 2 |  2.0
Short Blades   | 1 |  1.9
Staves         | |  0.8
Unarmed Combat | |  0.3

Action                     |  1- 3 |  4- 6 |  7- 9 || total
---------------------------+-------+-------+-------++-------
  Melee: Unarmed           |    15 |       |       ||    15
         Short sword       |    13 |    43 |       ||    56
         Quarterstaff      |       |     8 |    11 ||    19
   Cast: Foxfire           |    36 |    57 |     6 ||    99
         Shock             |     1 |       |       ||     1
         Scorch            |       |     2 |     1 ||     3
         Static Discharge  |       |     1 |       ||     1
   Stab: Sleeping          |     3 |     2 |       ||     5
 Armour: Robe              |     9 |    11 |     4 ||    24
  Dodge: Dodged            |    36 |    62 |     7 ||   105

Table legend: (Time is in decaauts)
 A = Elapsed time spent in this place.
 B = Non-inter-level travel time spent in this place.
 C = Inter-level travel time spent in this place.
 D = Time resting spent in this place.
 E = Time spent auto-exploring this place.
 F = Levels seen in this place.
 G = Mean time per level.
                   A        B        C        D        E       F      G
               +--------+--------+--------+--------+--------+-----+--------+
         Total |   2937 |   2853 |     84 |    237 |   1684 |   9 |  326.3 |
       Dungeon |   2685 |   2601 |     84 |    101 |   1606 |   8 |  335.6 |
        Temple |    252 |    252 |      0 |    136 |     78 |   1 |  252.0 |
               +--------+--------+--------+--------+--------+-----+--------+

Top non-repeatable levels by time:
     D:2: 1018 daAuts
     D:1: 740 daAuts
     D:3: 528 daAuts
  Temple: 252 daAuts
     D:5: 197 daAuts
     D:6: 134 daAuts
     D:7: 42 daAuts
     D:4: 20 daAuts
     D:8: 1 daAuts
